 Dungeon Crawl Stone Soup version 0.32-a0-452-g0c113e4 (webtiles) character file.

Game seed: 4841261818089923587

2304377 sdynet the Hoplite (level 27, 160/160 HPs)
             Began as a Gargoyle Monk on Feb 19, 2024.
             Was the Champion of Ashenzari.
             Escaped with the Orb
             ... and 4 runes on Feb 23, 2024!
             The game lasted 06:02:32 (72279 turns).

sdynet the Hoplite (Gargoyle Monk)                 Turns: 72279, Time: 06:02:32

Health: 160/160    AC: 38    Str: 26    XL:     27
Magic:  63/63      EV: 18    Int: 23    God:    Ashenzari [******]
Gold:   2360       SH: 34    Dex: 20    Spells: 2/80 levels left

rFire   + + +        a - staff of Ashenzari's Ordeal (curse) {rF+ Dex+4 Fire, Bglg, Melee} (curse)
rCold   + + +        w - +8 tower shield of Apeoromancy {reflect, Cun, Range} (curse)
rNeg    + . .        L - +3 robe "Overhang to Understand" {rF+ rC+ Will+, Fort, Sorc} (curse)
rPois   ∞            Z - +0 helmet of Supernal Wisdom {rPois MP+9 Dex+2, Fort, Elem} (curse)
rElec   +            T - +1 cloak "Oracular Repose" {rC+++ Regen+, Cun, Range} (curse)
rCorr   +            i - +2 pair of gloves of Ashenzari's Anxiety {Str+3, Melee, Self} (curse)
SInv    +            v - +2 pair of boots of Supernal Understanding {Elem, Comp} (curse)
Will    +++..        c - amulet "Fetters of Ashenzari" {RegenMP, Melee, Sorc} (curse)
Stlth   ++           z - ring "Pangnostic Oracle" {Fire rElec rCorr Str+3, Melee, Self} (curse)
HPRegen 1.26/turn    V - ring of the Shackled Disgust {Wiz Str+3 Dex+2, Range, Self} (curse)
MPRegen 0.78/turn

%: reflection, clarity, wizardry (x1)
@: flying, studying Polearms
A: sickness immunity, AC +20, big wings, negative energy resistance 1,
electricity resistance, torment resistance 1, petrification resistance,
iridescent scales 1, berserk 1
0: Orb of Zot
}: 4/15 runes: serpentine, barnacled, slimy, silver
a: Renounce Religion, Shatter the Chains


You escaped.
You worshipped Ashenzari.
Ashenzari was exalted by your worship.
You visited 12 branches of the dungeon, and saw 54 of its levels.
You visited 2 bazaars.
You also visited: Sewer, Bailey, Ice Cave and Volcano.

You collected 10383 gold pieces.
You spent 8023 gold pieces at shops.

Inventory:

Missiles
 J - 14 throwing nets
 Y - 15 curare-tipped darts
Armour
 i - the cursed +2 pair of gloves of Ashenzari's Anxiety (worn) {Str+3, Melee, Self}
   (You bought it in a shop on level 1 of the Vaults)

   It has a curse which improves the following skills: Melee Combat: Short
   Blades, Long Blades, Axes, Maces & Flails, Polearms, Staves and Unarmed
   Combat.
   Introspection: Fighting and Spellcasting.
 v - the cursed +2 pair of boots of Supernal Understanding (worn) {Elem, Comp}
   (You found it on level 5 of the Vaults)

   It has a curse which improves the following skills: Elements: Fire Magic, Ice
   Magic, Air Magic and Earth Magic.
   Companions: Summonings and Necromancy.
 w - the cursed +8 tower shield of Apeoromancy (worn) {reflect, Cun, Range}
   (You took it off a naga warrior on level 1 of the Snake Pit)

   It has a curse which improves the following skills: Cunning: Dodging and
   Stealth.
   Ranged Combat: Ranged Weapons and Throwing.
 L - the cursed +3 robe "Overhang to Understand" (worn) {rF+ rC+ Will+, Fort, Sorc}
   (You took it off Boris on level 3 of the Vaults)

   rF+:       It protects you from fire.
   rC+:       It protects you from cold.
   Will+:     It increases your willpower.
   It has a curse which improves the following skills: Fortitude: Armour and
   Shields.
   Sorcery:   Conjurations and Alchemy.
 T - the cursed +1 cloak "Oracular Repose" (worn) {rC+++ Regen+, Cun, Range}
   (You found it on level 5 of the Vaults)

   rC+++:     It renders you almost immune to cold.
   Regen+:    It increases your rate of health regeneration.
   It has a curse which improves the following skills: Cunning: Dodging and
   Stealth.
   Ranged Combat: Ranged Weapons and Throwing.
 Z - the cursed +0 helmet of Supernal Wisdom (worn) {rPois MP+9 Dex+2, Fort, Elem}
   (You bought it in a shop on level 3 of the Elven Halls)

   Dex+2:     It affects your dexterity (+2).
   rPois:     It protects you from poison MP+9: It affects your magic capacity
   (+9).
   It has a curse which improves the following skills: Fortitude: Armour and
   Shields.
   Elements:  Fire Magic, Ice Magic, Air Magic and Earth Magic.
Magical Staves
 a - the cursed staff of Ashenzari's Ordeal (weapon) {rF+ Dex+4 Fire, Bglg, Melee}
   (You found it on level 5 of the Lair of Beasts)

   [staff of fire]

   Base accuracy: +5 Base damage: 5 Base attack delay: 1.2 This weapon's minimum
   attack delay (0.6) is reached at skill level 12.
   Dex+4:     It affects your dexterity (+4).
   rF+:       It protects you from fire.
   Fire:      It increases the power of your Fire spells.
   It falls into the 'Staves' category.
   It is a one-handed weapon.
   It has a curse which improves the following skills: Beguiling: Hexes and
   Translocations.
   Melee Combat: Short Blades, Long Blades, Axes, Maces & Flails, Polearms,
   Staves and Unarmed Combat.
Jewellery
 c - the cursed amulet "Fetters of Ashenzari" (around neck) {RegenMP, Melee, Sorc}
   (You bought it in a shop on level 6 of the Dungeon)

   [amulet of magic regeneration]

   RegenMP:   It increases your rate of magic regeneration.
   It has a curse which improves the following skills: Melee Combat: Short
   Blades, Long Blades, Axes, Maces & Flails, Polearms, Staves and Unarmed
   Combat.
   Sorcery:   Conjurations and Alchemy.
 z - the cursed ring "Pangnostic Oracle" (left hand) {Fire rElec rCorr Str+3, Melee, Self}
   (You found it on level 5 of the Pits of Slime)

   [ring of fire]

   Fire:      It enhances your fire magic.
   Str+3:     It affects your strength (+3).
   rF+:       It protects you from fire.
   rC-:       It makes you vulnerable to cold.
   rElec:     It insulates you from electricity.
   rCorr:     It protects you from acid and corrosion.
   It has a curse which improves the following skills: Melee Combat: Short
   Blades, Long Blades, Axes, Maces & Flails, Polearms, Staves and Unarmed
   Combat.
   Introspection: Fighting and Spellcasting.
 V - the cursed ring of the Shackled Disgust (right hand) {Wiz Str+3 Dex+2, Range, Self}
   (You found it on level 5 of the Pits of Slime)

   [ring of wizardry]

   Wiz:       It improves your spell success rate.
   Str+3:     It affects your strength (+3).
   Dex+2:     It affects your dexterity (+2).
   It has a curse which improves the following skills: Ranged Combat: Ranged
   Weapons and Throwing.
   Introspection: Fighting and Spellcasting.
 W - the ring "Obbusch" {rC+ MP+9 Int+3}
   (You took it off an ironbound preserver on level 5 of the Vaults)

   [ring of magical power]

   Int+3:     It affects your intelligence (+3).
   rC+:       It protects you from cold.
   MP+9:      It affects your magic capacity (+9).
Wands
 h - a wand of acid (7)
 O - a wand of digging (14)
 U - a wand of roots (16)
Scrolls
 b - 18 scrolls of teleportation {!r}
 d - 3 scrolls of torment
 f - 8 scrolls of blinking
 j - 9 scrolls of fear {!r}
 k - 12 scrolls of immolation
 l - 7 scrolls of revelation {!r}
 p - 2 scrolls of amnesia
 s - 7 scrolls of vulnerability
 t - 5 scrolls of butterflies
 A - 11 scrolls of fog {!r}
 D - 3 scrolls of silence {!r}
 E - 3 scrolls of poison
Potions
 e - 2 potions of mutation
 g - 3 potions of magic {!q}
 m - 9 potions of lignification {!q}
 n - 7 potions of invisibility {!q}
 o - 3 potions of haste {!q}
 q - 5 potions of cancellation {!q}
 u - 17 potions of curing {!q}
 x - 12 potions of heal wounds {!q}
 B - 8 potions of attraction
 G - 3 potions of resistance {!q}
 H - 3 potions of ambrosia {!q}
 K - 4 potions of enlightenment {!q!q}
 P - 6 potions of brilliance {!q}
Miscellaneous
 M - a phial of floods
 N - a sack of spiders
 Q - a lightning rod (4/4)
 R - a tin of tremorstones (2/2)


   Skills:
 - Level 8.3(13.0) Fighting
 - Level 3.0(7.5) Maces & Flails
 - Level 4.0(7.2) Armour
 - Level 4.9(8.3) Dodging
 - Level 5.0(8.4) Stealth
 - Level 25.2(27) Shields
 - Level 24.4(27) Spellcasting
 + Level 23.3(26.4) Conjurations
 - Level 1.0(2.4) Hexes
 - Level 6.4(9.0) Summonings
 - Level 7.7(10.2) Necromancy
 - Level 1.0(2.4) Translocations
 + Level 23.0(26.1) Fire Magic
 - Level 3.3(6.4) Ice Magic
 - Level 3.3(6.4) Air Magic
 + Level 20.1(23.3) Earth Magic
 - Level 4.2(7.5) Alchemy
 - Level 3.0 Evocations


You had 2 spell levels left.
You knew the following spells:

 Your Spells              Type           Power      Damage    Failure   Level
a - Fireball              Conj/Fire      74%        3d28      0%          5
c - Iskenderun's Battles  Conj           100%       2d15      0%          5
d - Irradiate             Conj/Alch      41%        3d25      1%          5
e - Spellforged Servitor  Conj/Summ      42%        N/A       1%          7
g - Freezing Cloud        Conj/Ice/Air   37%        6-21      1%          5
h - Ignition              Fire           74%        3d19      1%          8
i - Lehudib's Crystal Sp  Conj/Erth      49%        10d12     1%          8
j - Death Channel         Necr           33%        N/A       1%          6
k - Yara's Violent Unrav  Hex/Alch       26%        3d11      1%          5
m - Fire Storm            Conj/Fire      74%        8d19      1%          9
p - Shatter               Erth           47%        3d36*     2%          9
q - Blink                 Tloc           84%        N/A       1%          2
A - Apportation           Tloc           84%        N/A       1%          1
P - Passwall              Erth           95%        N/A       0%          3

Your spell library contained the following spells:

 Spells                   Type           Power      Damage    Failure   Level
 Foxfire                  Conj/Fire      100%       2x1d9     0%          1
 Kiss of Death            Conj/Necr      100%       2d13      0%          1
 Magic Dart               Conj           100%       1d8       0%          1
 Necrotise                Necr           100%       1d9       0%          1
 Sting                    Conj/Alch      100%       1d9       0%          1
 Momentum Strike          Conj/Tloc      100%       3d10      0%          2
 Searing Ray              Conj           100%       2d8       0%          2
 Freeze                   Ice            100%       1d10      1%          1
 Slow                     Hex            100%       N/A       1%          1
 Call Imp                 Summ           100%       N/A       1%          2
 Ensorcelled Hibernation  Hex/Ice        100%       N/A       1%          2
 Jinxbite                 Hex            84%        N/A       1%          2
 Lesser Beckoning         Tloc           84%        N/A       1%          2
 Mercury Vapours          Alch/Air       100%       N/A       1%          2
 Dazzling Flash           Conj/Hex       100%       N/A       0%          3
 Hailstorm                Conj/Ice       82%        3d14      0%          3
 Inner Flame              Hex/Fire       100%       N/A       0%          3
 Mephitic Cloud           Conj/Alch/Air  75%        N/A       0%          3
 Volatile Blastmotes      Fire/Tloc      100%       2d18      0%          3
 Animate Armour           Summ/Erth      100%       N/A       0%          4
 Brom's Barrelling Bould  Conj/Erth      98%        2d11      0%          4
 Fulminant Prism          Conj/Alch      41%        3d19      0%          4
 Ignite Poison            Fire/Alch      100%       N/A       0%          4
 Petrify                  Alch/Erth      80%        N/A       0%          4
 Sticky Flame             Fire/Alch      100%       2d15      0%          4
 Lee's Rapid Deconstruct  Erth           47%        3d23*     0%          5
 Bombard                  Conj/Erth      49%        9d8       0%          6
 Starburst                Conj/Fire      74%        6d19      0%          6
 Orb of Destruction       Conj           50%        9d13      0%          7
 Confusing Touch          Hex            42%        N/A       1%          3
 Fugue of the Fallen      Necr           67%        N/A       1%          3
 Gell's Gravitas          Tloc           42%        N/A       1%          3
 Ozocubu's Armour         Ice            57%        N/A       1%          3
 Sigil of Binding         Hex            42%        N/A       1%          3
 Summon Ice Beast         Ice/Summ       61%        N/A       1%          3
 Swiftness                Air            57%        N/A       1%          3
 Teleport Other           Tloc           42%        N/A       1%          3
 Tukima's Dance           Hex            42%        N/A       1%          3
 Vampiric Draining        Necr           67%        2d10      1%          3
 Anguish                  Hex/Necr       28%        N/A       1%          4
 Animate Dead             Necr           67%        N/A       1%          4
 Cause Fear               Hex            21%        N/A       1%          4
 Dimensional Bullseye     Hex/Tloc       21%        N/A       1%          4
 Dispel Undead            Necr           67%        3d23      1%          4
 Iskenderun's Mystic Bla  Conj/Tloc      78%        2d16      1%          4
 Manifold Assault         Tloc           42%        N/A       1%          4
 Martyr's Knell           Necr/Summ      66%        N/A       1%          4
 Olgreb's Toxic Radiance  Alch           60%        N/A       1%          4
 Passage of Golubria      Tloc           42%        N/A       1%          4
 Summon Lightning Spire   Summ/Air       61%        N/A       1%          4
 Vhi's Electric Charge    Tloc/Air       100%       N/A       1%          4
 Alistair's Intoxication  Alch           40%        N/A       1%          5
 Arcjolt                  Conj/Air       41%        1d51      1%          5
 Curse of Agony           Necr           67%        N/A       1%          5
 Metabolic Englaciation   Hex/Ice        25%        N/A       1%          5
 Silence                  Hex/Air        25%        N/A       1%          5
 Summon Mana Viper        Hex/Summ       55%        N/A       1%          5
 Conjure Ball Lightning   Conj/Air       41%        3x3d13    1%          6
 Plasma Beam              Fire/Air       63%        2x1d79    1%          6
 Sculpt Simulacrum        Ice/Alch       29%        N/A       3%          6
 Haunt                    Necr/Summ      33%        N/A       6%          7
 Monstrous Menagerie      Summ           32%        N/A       9%          7
 Summon Hydra             Summ           32%        N/A       9%          7
 Dispersal                Tloc           21%        N/A       22%         6
 Infestation              Necr           33%        N/A       34%         8
 Chain Lightning          Conj/Air       41%        3d54      41%         9
 Enfeeble                 Hex            21%        N/A       73%         7
 Maxwell's Capacitive Co  Air            28%        ∞         86%         8
 Disjunction              Tloc           21%        N/A       100%        8
 Dragon's Call            Summ           32%        N/A       100%        9
 Sublimation of Blood     Necr           Unusable   N/A       N/A         2
 Cigotuvi's Dreadful Rot  Necr/Alch/Air  Unusable   N/A       N/A         2

Dungeon Overview and Level Annotations

Branches:
Dungeon (15/15)            Temple (1/1) D:5            Lair (5/5) D:10
 Shoals (4/4) Lair:3        Snake (4/4) Lair:2        Slime (5/5) Lair:5
    Orc (2/2) D:9             Elf (3/3) Orc:2        Vaults (5/5) D:14
  Crypt (1/3) Vaults:2     Depths (4/4) D:15            Zot (5/5) Depths:4
  Sewer (visited)          Bailey (visited)           IceCv (visited)
Volcano (visited)

Altars:
Ashenzari
Cheibriados
Dithmenos
Elyvilon
Fedhas
Gozag
Hepliaklqana
Kikubaaqudgha
Makhleb
Nemelex Xobeh
Okawaru
Qazlal
Ru
Sif Muna
Trog
Uskayaw
Vehumet
Wu Jian
Xom
Yredelemnul
Zin
The Shining One
Beogh
Jiyva
Lugonu

Shops:
D:1 *   D:6 =!::   D:8 :*   D:9 **   Orc:2 :[((*   Elf:1 *   Elf:2 =
Elf:3 [?[[[   Shoals:1 =   Snake:4 [   Vaults:1 [([:   Vaults:2 (

Portals:
Hell: Depths:1 Depths:2 Depths:3 Depths:4
Abyss: Depths:2 Depths:3 Depths:4
Pandemonium: Depths:2
Ziggurat: Depths:1

Annotations:
D:9 3 runed translucent doors, exclusion: 3 doors, cowcow's ghost, novice DsCj
Lair:4 1 runed translucent door
Elf:2 3 runed translucent doors
Vaults:2 exclusion: downstairs
Vaults:3 1 runed translucent door, Tagg's ghost, veteran DjIE
Crypt:1 Mennas


Innate Abilities, Weirdness & Mutations

You are immune to sickness and miasma.
Your stone body is resilient. (AC +20)
You are immune to poison.
Your large and strong wings let you fly.
You resist negative energy. (rN+)
You are resistant to electric shocks. (rElec)
You are resistant to unholy torment.
You are immune to petrification.
You are partially covered in iridescent scales. (AC +2)
You sometimes lose your temper in combat.


Message History

Your spellforged servitor disappears in a puff of smoke!
An Orb Guardian comes into view.
You fly upwards.
There is a stone staircase leading down here.
You sense a monster nearby.
Casting: Fire Storm (dangerous; 1% risk of failure)
Confirm with . or Enter, or press ? or * to list all spells.
You summon a servant imbued with your destructive magic!
An Orb Guardian comes into view.
Your spellforged servitor gestures at the Orb Guardian while chanting.
The crystal spear hits the Orb Guardian!!!
The Orb Guardian hits your spellforged servitor!! x2
Your spellforged servitor gestures at the Orb Guardian while chanting.
The crystal spear hits the Orb Guardian!!
The Orb Guardian dies!
Magic restored.
There is a stone staircase leading up here.
You fly upwards.
There is a stone staircase leading down here.
There is a stone staircase leading up here.
You fly upwards.
There is a stone staircase leading down here.
You see here 6 stones.
An ice devil comes into view.
Casting: Spellforged Servitor (mildly dangerous; 1% risk of failure)
Confirm with . or Enter, or press ? or * to list all spells.
You summon a servant imbued with your destructive magic!
You block the ice devil's attack. You block the ice devil's attack.
Your spellforged servitor casts a spell at the ice devil.
The crystal spear hits the ice devil!!!
Your spellforged servitor points at the ice devil and mumbles some strange words.
The crystal spear hits the ice devil!!!
The ice devil dies!
There is a stone staircase leading up here.
You fly upwards.
There is a stone staircase leading down here.
You see here a +0 dagger.
There is a staircase leading out of the dungeon here.
You have escaped!

##.#.....##..#.##.##.###
#..#####.##............#
#.## ##...##.##.##.#.#
#.# #≈..###########.#
#.# #.>§###..######.#
#.# #..§##.####..##.#
#.# #§.≈###...###...#
#.# #.≈§######.#.####
##.### ####...@#.#..##
##....#######.≈..#.#≈#.#
.........#...##..##.#§.#
#.....####.##.#..#.##.##
#.....####§.##.###.#.###
.........#≈.#.###..#.#.#
#.....##.##.##.##.##.#.#
#.....##.#..≈#..##..#.##
###.####.##..#.#..######


There were no monsters in sight!

Vanquished Creatures
  the Royal Jelly (Slime:5)
  Tiamat (Zot:5)
  3 orbs of fire
  2 dread liches
  4 ancient liches
  Boris (twice) (Vaults:3 Vaults:5)
  6 Killer Klowns (Zot:5)
  Vashnia (Snake:4)
  Saint Roka (Elf:3)
  A caustic shrike (Depths:2)
  Nikola (Shoals:3)
  7 golden dragons
  Norris (Elf:1)
  A bone dragon (Depths:4)
  The ghost of december12 the Eclecticist, an adept BaAr of Sif Muna (Shoals:4)
  Rupert (Orc:2)
  2 electric golems
  The ghost of arrowsters the Deadly Accurate, an adept OnMo of Beogh (Snake:4)
  A shard shrike zombie (Crypt:1)
  11 tentacled monstrosities
  Jorgrun (Shoals:1)
  A hellephant (Depths:1)
  Zenata (Vaults:2)
  2 walking earthen tomes (Depths:3)
  25 Orb Guardians
  2 walking frostbound tomes (Depths:3)
  3 liches
  3 titans
  5 quicksilver dragons
  2 deep elf master archers (Elf:3)
  6 death cobs
  18 acid blobs
  A deep elf blademaster (Elf:3)
  2 krakens
  4 sphinxes
  Frances (Shoals:1)
  15 storm dragons
  Agnes (Elf:2)
  8 shadow dragons
  9 protean progenitors
  Aizul (Snake:3)
  A revenant (Vaults:2)
  Donald (Shoals:2)
  2 nagarajas
  9 tengu reavers
  3 draconian monks
  A rockslime (Slime:2)
  8 azure jellies
  4 fire giants
  9 frost giants
  3 deep elf sorcerers
  A draconian scorcher (Zot:2)
  4 draconian shifters
  2 iron dragons
  9 vault wardens
  8 draconian annihilators
  2 draconian knights
  4 orc warlords
  A deep elf elementalist (Elf:3)
  3 ghost moths
  16 ironbound preservers
  7 formless jellyfish
  3 draconian stormcallers
  10 stone giants
  12 quicksilver oozes
  2 spriggan defenders (Depths:3)
  15 very ugly things
  4 vampire knights
  9 deep elf demonologists
  Nessos (D:13)
  5 black draconians
  9 ironbound thunderhulks
  3 deep elf annihilators (Elf:3)
  2 deep elf death magi
  10 red draconians
  3 purple draconians
  4 green draconians
  10 spark wasps
  8 white draconians
  12 dire elephants
  2 war gargoyles
  7 yellow draconians
  Snorg (Lair:4)
  A crystal guardian (Vaults:3)
  9 merfolk impalers
  A fire dragon (Depths:3)
  A green death (D:15)
  5 merfolk javelineers
  10 ettins
  A jiangshi (Vaults:2)
  5 deep elf high priests
  An entropy weaver (D:14)
  29 vault guards
  7 rakshasas
  12 great orbs of eyes
  2 quicksilver dragon skeletons (Depths:1)
  3 peacekeepers
  3 spriggan air magi
  12 yaktaur captains
  A fenstrider witch zombie (Crypt:1)
  2 ice dragons
  A jorogumo (Zot:2)
  7 centaur warriors
  3 hydras
  A radroach (Zot:2)
  5 salamander tyrants
  8 merfolk avatars
  10 ironbound frosthearts
  4 boulder beetles
  9 merfolk aquamancers
  A torpor snail (shapeshifter) (Vaults:5)
  5 dancing weapons
  7 ogre magi
  8 anacondas
  19 two-headed ogres
  6 deep troll shamans
  3 tengu warriors
  2 hell hogs (Depths:1)
  9 death yaks
  9 naga warriors
  8 satyrs
  9 shock serpents
  A two-headed ogre (shapeshifter) (Vaults:2)
  19 naga sharpshooters
  2 orc high priests (Orc:2)
  5 spriggan berserkers
  3 deep troll earth magi
  An occultist (Depths:3)
  A vampire mage (Crypt:1)
  A sun demon (D:11)
  11 hell knights
  7 deep elf knights
  10 skysharks
  2 sixfirhies
  5 iron trolls
  2 skysharks (shapeshifter)
  A fire crab (Zot:2)
  7 salamander mystics
  39 deep trolls
  A sea snake (shapeshifter) (Depths:3)
  2 flayed ghosts
  14 mana vipers
  14 sea snakes
  2 mana vipers (shapeshifter)
  Lodul (D:10)
  A deep troll (shapeshifter) (Depths:4)
  A glowing orange brain (Depths:1)
  5 naga ritualists
  A storm dragon skeleton (Vaults:5)
  Pikel (D:9)
  6 phantasmal warriors
  12 deep elf archers
  4 arcanists
  11 harpies
  26 ironbound convokers
  21 lindwurms
  A shadow dragon zombie (Vaults:5)
  11 necromancers
  6 orc knights
  An anaconda skeleton (Crypt:1)
  8 shining eyes
  19 deep elf zephyrmancers
  6 cyclopes
  17 fauns
  6 orc sorcerers
  19 ugly things
  Maurice (D:7)
  19 salamanders
  18 deep elf pyromancers
  13 manticores
  3 human skeletons
  18 elephants
  29 black mambas
  19 moths of wrath
  10 merfolk sirens
  5 kobold blastminers (Orc:2)
  7 guardian serpents
  2 eyes of devastation
  A rust devil (D:11)
  An ice statue (IceCv)
  A smoke demon (D:11)
  11 naga magi
  A water nymph (shapeshifter) (Vaults:5)
  2 water nymphs
  A cane toad (shapeshifter) (Depths:2)
  3 kobold demonologists
  A torpor snail (Lair:3)
  6 cane toads
  11 vault sentinels
  6 rime drakes
  29 yaktaurs
  12 ice devils (IceCv)
  A hellion (D:5)
  6 freezing wraiths
  7 komodo dragons
  An anaconda simulacrum (IceCv)
  A black draconian skeleton (Crypt:1)
  A tengu conjurer (D:14)
  A harpy zombie (Crypt:1)
  A yaktaur skeleton (Vaults:5)
  3 wind drakes
  2 hornets
  A wolf spider (shapeshifter) (Vaults:2)
  A red devil (D:11)
  A queen bee (shapeshifter) (Depths:3)
  A shadow dragon simulacrum (Depths:1)
  7 trolls
  2 polar bears
  2 hellwings (D:11)
  13 dream sheep
  39 merfolk
  A merfolk (shapeshifter) (Vaults:2)
  5 snapping turtles
  Grinder (D:3)
  20 blink frogs
  2 glass eyes
  An ettin zombie (Vaults:2)
  95 slime creatures
  A culicivora (shapeshifter) (Vaults:2)
  A vampire (D:12)
  4 air elementals
  Sigmund (D:2)
  14 water elementals
  A shadow (D:10)
  A fire elemental (Elf:3)
  5 wyverns
  Eustachio (D:5)
  A wraith (D:11)
  39 yaks
  A dire elephant simulacrum (IceCv)
  5 wargs
  A yaktaur simulacrum (Vaults:5)
  14 golden eyes
  2 steam dragons
  18 vampire mosquitoes
  2 human simulacra (Vaults:1)
  A basilisk (Lair:3)
  Menkaure (D:7)
  3 harpy simulacra (IceCv)
  6 death yak simulacra (IceCv)
  A swamp worm (shapeshifter) (Vaults:5)
  2 acid dragons
  A glowing shapeshifter zombie (Vaults:2)
  A hydra simulacrum (IceCv)
  48 nagas
  An ogre zombie (Vaults:5)
  A nameless horror (Depths:4)
  22 water moccasins
  41 orc warriors
  2 sky beasts
  17 ogres
  29 wolves
  5 centaurs
  18 kobold brigands
  2 phantoms (D:4)
  7 bullfrogs
  2 gnoll sergeants (D:8)
  3 scorpions
  An earth elemental (Elf:1)
  A water moccasin zombie (D:4)
  2 cane toad simulacra (IceCv)
  7 wights
  A water moccasin skeleton (D:4)
  3 killer bees (D:10)
  4 elephant simulacra (IceCv)
  11 electric eels
  4 howler monkeys
  12 jellies
  2 quasits (D:11)
  26 orc priests
  A bombardier beetle (D:6)
  2 hounds (D:6)
  A human zombie (D:4)
  Crazy Yiuf (D:2)
  A gnoll bouda (D:6)
  3 iguanas
  29 orc wizards
  3 scorpion zombies (D:4)
  4 spriggan simulacra
  3 polar bear simulacra (IceCv)
  5 wolf simulacra (IceCv)
  2 hound zombies (D:4)
  Robin (D:2)
  11 gnolls
  7 adders
  A naga simulacrum (IceCv)
  2 river rats (Sewer)
  15 white imps
  5 ufetubi
  2 adder zombies (D:4)
  2 dart slugs
  8 ribbon worms
  91 orcs
  10 ball pythons
  5 bats
  9 endoplasms
  3 giant cockroaches
  22 goblins
  7 hobgoblins
  35 kobolds
  2 quokkas (D:1)
  4 frilled lizards
  6 rats
  16 aspiring fleshes
  7 tentacles
2135 creatures vanquished.

Vanquished Creatures (collateral kills)
  2 orbs of fire (Zot:5)
  Bai Suzhen (Shoals:3)
  2 golden dragons
  A bone dragon (Depths:4)
  2 electric golems
  10 tentacled monstrosities
  A walking crystal tome (Depths:3)
  Mlioglotl (Shoals:1)
  3 Orb Guardians
  2 titans (Vaults:5)
  8 acid blobs
  A quicksilver dragon (Vaults:5)
  A deep elf blademaster (Elf:3)
  A sphinx (Depths:2)
  3 tengu reavers
  A storm dragon (Vaults:5)
  A draconian monk (Zot:4)
  8 rockslimes
  Ilsuiw (Shoals:2)
  2 azure jellies
  A draconian knight (Zot:2)
  2 shadow dragons (Vaults:5)
  3 fire giants
  3 protean progenitors
  A deep elf sorcerer (Elf:3)
  9 vault wardens
  A caustic shrike zombie (Depths:2)
  5 frost giants
  2 iron dragons
  3 ironbound preservers
  A reaper (D:12)
  6 stone giants
  3 green draconians
  5 quicksilver oozes
  5 formless jellyfish
  3 very ugly things
  3 dire elephants
  A deep elf demonologist (Vaults:5)
  A red draconian (Zot:4)
  3 vampire knights
  A war gargoyle (Vaults:5)
  A black draconian (Zot:5)
  A white draconian (Zot:4)
  3 deep elf annihilators (Elf:3)
  A green death (Zot:5)
  A crystal guardian (Vaults:2)
  6 yaktaur captains
  2 merfolk impalers (Shoals:4)
  A merfolk javelineer (Shoals:4)
  4 fire dragons
  2 deep elf high priests (Vaults:5)
  4 great orbs of eyes
  A salamander tyrant (Snake:2)
  An ice dragon (Depths:3)
  A vault guard (Vaults:4)
  A peacekeeper (Vaults:2)
  3 ironbound frosthearts
  A merfolk avatar (Shoals:2)
  A radroach (Zot:2)
  A centaur warrior (Vaults:1)
  3 alligator snapping turtles (Shoals:4)
  9 dancing weapons
  An ogre mage (Vaults:5)
  2 death yaks (Lair:3)
  4 naga warriors
  2 two-headed ogres (D:15)
  A deep troll shaman (Depths:3)
  2 satyrs (Zot:5)
  An occultist (Depths:2)
  5 naga sharpshooters
  A shock serpent (Snake:2)
  10 hell knights
  A shock serpent (shapeshifter) (Vaults:5)
  A skyshark (shapeshifter) (Vaults:5)
  A salamander mystic (Snake:4)
  5 sea snakes
  11 deep trolls
  2 flayed ghosts
  A mana viper (Snake:4)
  4 naga ritualists
  2 glowing orange brains
  An arcanist (Vaults:2)
  A deep elf archer (Elf:2)
  5 lindwurms
  A harpy (Shoals:4)
  2 deep elf zephyrmancers
  A tengu zombie (Depths:2)
  3 ironbound convokers
  3 deep elf pyromancers
  2 wolf spiders (Zot:4)
  An orc knight (Vaults:2)
  An orc sorcerer (Orc:2)
  6 salamanders (Snake:4)
  4 cyclopes
  A tengu skeleton (Depths:2)
  An ugly thing (D:15)
  8 manticores
  A guardian serpent (Snake:4)
  2 fauns
  A frost giant skeleton (Depths:2)
  2 elephants (Lair:4)
  4 black mambas
  A stone giant skeleton (Vaults:2)
  A water nymph (Shoals:2)
  A merfolk siren (Shoals:2)
  4 vault sentinels
  6 naga magi
  A kobold demonologist (D:14)
  2 ice devils
  A human skeleton (Vaults:2)
  2 yaktaurs (Vaults:3)
  A wind drake (Shoals:3)
  7 merfolk
  2 glass eyes
  3 snapping turtles
  3 dream sheep (Lair:3)
  2 wyverns
  28 slime creatures
  A yak (Lair:4)
  7 golden eyes
  A warg (Elf:3)
  2 fire elementals (Elf:3)
  A steam dragon (Lair:4)
  9 nagas
  A water moccasin (Lair:3)
  An orc warrior (D:15)
  An ogre (D:15)
  3 earth elementals
  2 wights (D:8)
  2 orcs (Elf:3)
  A kobold (D:14)
  2 aspiring fleshes
  5 foxfires
374 creatures vanquished.

Vanquished Creatures (others)
  A red draconian (Zot:5)
  2 deep trolls (Vaults:4)
  A deep elf zephyrmancer (Elf:1)
  A cane toad (Lair:4)
  A komodo dragon (Lair:3)
  A merfolk (Lair:3)
  A yak (Lair:4)
  A black bear (Lair:4)
  3 wolves (Lair:4)
  2 lemures (D:9)
  An ogre (D:10)
  182 fire vortices
  1053 foxfires
  17 tentacles
1267 creatures vanquished.

Grand Total: 3776 creatures vanquished

Notes
Turn   | Place    | Note
-------+----------+-------------------------------------------
     0 | D:1      | sdynet the Gargoyle Monk began the quest for the Orb.
     0 | D:1      | Reached XP level 1. HP: 14/14 MP: 1/1
    74 | D:1      | Reached skill level 1 in Spellcasting
    78 | D:1      | Learned a level 1 spell: Foxfire
   164 | D:1      | Reached XP level 2. HP: 19/19 MP: 1/3
   188 | D:1      | Found a faded altar of an unknown god.
   212 | D:1      | Prayed at the altar of an unknown god.
   212 | D:1      | Became a worshipper of Ashenzari the Shackled
   216 | D:1      | Reached * piety under Ashenzari
   378 | D:1      | Reached skill level 1 in Conjurations
   378 | D:1      | Reached XP level 3. HP: 24/24 MP: 6/6
   647 | D:1      | Reached skill level 1 in Fire Magic
   656 | D:1      | Found Xezed's General Store.
  1010 | D:2      | Noticed Robin
  1110 | D:2      | Reached XP level 4. HP: 29/29 MP: 3/8
  1180 | D:2      | Found a runed translucent door.
  1181 | D:2      | Noticed Crazy Yiuf
  1234 | D:2      | Killed Robin
  1427 | D:2      | Noticed Sigmund
  1468 | D:2      | Killed Sigmund
  1469 | D:2      | Reached XP level 5. HP: 24/33 MP: 5/11
  1469 | D:2      | Reached XP level 6. HP: 28/38 MP: 5/12
  1560 | D:2      | Reached ** piety under Ashenzari
  2184 | D:2      | Killed Crazy Yiuf
  2371 | D:3      | Found a burning altar of Makhleb.
  2373 | D:3      | Noticed a balrug
  2377 | D:3      | Noticed a ynoxinul
  2377 | D:3      | Noticed a smoke demon
  2429 | D:3      | Noticed Grinder
  2437 | D:3      | Killed Grinder
  2438 | D:3      | Reached skill level 1 in Evocations
  2438 | D:3      | Reached XP level 7. HP: 41/43 MP: 12/15
  2494 | D:3      | Found a glowing drain.
  2626 | Sewer    | Entered a sewer
  2714 | Sewer    | Reached skill level 5 in Spellcasting
  2809 | Sewer    | Reached XP level 8. HP: 48/48 MP: 10/17
  3486 | D:3      | Found an ornate altar of the Wu Jian Council.
  3544 | D:3      | Reached *** piety under Ashenzari
  4180 | D:1      | Bought a wand of charming (4) for 124 gold pieces
  4694 | D:4      | Reached **** piety under Ashenzari
  4794 | D:4      | Learned a level 5 spell: Irradiate
  4878 | D:4      | Found an ancient bone altar of Kikubaaqudgha.
  5069 | D:4      | Reached skill level 5 in Conjurations
  5107 | D:4      | Reached skill level 1 in Alchemy
  5533 | D:5      | Entered Level 5 of the Dungeon
  5565 | D:5      | Found a staircase to the Ecumenical Temple.
  5604 | D:5      | Noticed Eustachio
  5611 | D:5      | Killed Eustachio
  5612 | D:5      | Reached XP level 9. HP: 53/53 MP: 16/21
  5677 | Temple   | Entered the Ecumenical Temple
  6168 | D:6      | Found Arieben's Book Shoppe.
  6168 | D:6      | Found Runtoz's Book Shoppe.
  6334 | D:6      | Found Rydwiew's Distillery.
  6562 | D:6      | Found Urotio's Jewellery Emporium.
  6676 | D:6      | Reached ***** piety under Ashenzari
  7260 | D:6      | Learned a level 6 spell: Starburst
  7313 | D:7      | Noticed Menkaure
  7313 | D:7      | Noticed Maurice
  7321 | D:7      | Killed Maurice
  7322 | D:7      | Reached XP level 10. HP: 59/59 MP: 23/25
  7324 | D:7      | Killed Menkaure
  7353 | D:7      | Identified the +2 robe "Isenus" {Dex+2}
  8632 | D:8      | Found a hazy altar of Hepliaklqana.
  8632 | D:8      | Found a snail-covered altar of Cheibriados.
  8639 | D:8      | Found a bloodstained altar of Trog.
  8640 | D:8      | Found a glowing golden altar of the Shining One.
  8640 | D:8      | Found a basalt altar of Yredelemnul.
  8640 | D:8      | Found an iron altar of Okawaru.
  8640 | D:8      | Found a glowing silver altar of Zin.
  8641 | D:8      | Found a broken altar of Ashenzari.
  8642 | D:8      | Found a sacrificial altar of Ru.
  8643 | D:8      | Found a stormy altar of Qazlal.
  8644 | D:8      | Found a radiant altar of Vehumet.
  8645 | D:8      | Found a sparkling altar of Nemelex Xobeh.
  8655 | D:8      | Found Gozag's Platinum Reserve.
  8659 | D:8      | Found an opulent altar of Gozag.
  8661 | D:8      | Identified the +1 ring mail "Taoneuq" {rPois Str+5}
  8777 | D:8      | Found Edaahac's Self-Improvement Boutique.
  9126 | D:9      | Noticed Maggie
  9129 | D:9      | Maggie changed into Maggie the ogre
  9129 | D:9      | Noticed Maggie
  9136 | D:9      | Killed Maggie the ogre
  9267 | D:9      | Noticed Pikel
  9280 | D:9      | Killed Pikel
  9281 | D:9      | Reached skill level 10 in Spellcasting
  9281 | D:9      | Reached skill level 5 in Fire Magic
  9324 | D:9      | Noticed a two-headed ogre
  9343 | D:9      | Found a runed translucent gate.
  9343 | D:9      | Found a runed translucent gate.
  9343 | D:9      | Found a runed translucent gate.
  9345 | D:9      | Noticed a ten-headed hydra
  9345 | D:9      | Noticed cowcow's ghost (novice DsCj)
  9348 | D:9      | Killed a two-headed ogre
  9350 | D:9      | Noticed an 11-headed hydra
  9398 | D:9      | Noticed a kobold demonologist
  9411 | D:9      | Killed a kobold demonologist
  9412 | D:9      | Reached XP level 11. HP: 62/62 MP: 8/27
  9600 | D:9      | Found Igeimear's Specific Store.
  9635 | D:9      | Found Cidwo's General Store.
  9770 | D:9      | Found a staircase to the Orcish Mines.
 10049 | D:10     | Entered Level 10 of the Dungeon
 10177 | D:10     | Learned a level 5 spell: Iskenderun's Battlesphere
 10182 | D:10     | Found a flagged portal.
 10188 | Bailey   | Entered a bailey
 10361 | Bailey   | Identified the +8 arbalest of the Hidden Vale {flame, Int+4
                  | Dex+3}
 10361 | Bailey   | Identified the staff of the Devouring King {rElec rC+ Ice}
 10394 | Bailey   | Found an iron altar of Okawaru.
 10729 | D:10     | Found a staircase to the Lair.
 11059 | D:10     | Noticed Lodul
 11069 | D:10     | Killed Lodul
 11161 | D:10     | Noticed a two-headed ogre
 11166 | D:10     | Killed a two-headed ogre
 11166 | D:10     | Noticed a cyclops
 11169 | D:10     | Noticed a tengu warrior
 11172 | D:10     | Killed a cyclops
 11174 | D:10     | Killed a tengu warrior
 11303 | D:10     | Reached skill level 10 in Conjurations
 11486 | D:10     | Noticed Sonja
 11487 | D:10     | Sonja changed into Sonja the bullfrog
 11487 | D:10     | Noticed Sonja
 11489 | D:10     | Killed Sonja the bullfrog
 11891 | Lair:1   | Entered Level 1 of the Lair of Beasts
 12007 | Lair:1   | Reached XP level 12. HP: 68/68 MP: 16/29
 13182 | Lair:1   | Identified the +11 chain mail "Etuor" {Rampage rF+ rC+
                  | Int+2}
 13617 | Lair:2   | Noticed a five-headed hydra
 13622 | Lair:2   | Killed a five-headed hydra
 14883 | Lair:2   | Found a staircase to the Snake Pit.
 15202 | Lair:3   | Noticed a skyshark
 15209 | Lair:3   | Killed a skyshark
 15210 | Lair:3   | Gained mutation: You are weak. (Str -2) [mutagenic glow]
 15410 | Lair:3   | Reached XP level 13. HP: 71/74 MP: 11/33
 15722 | D:6      | Bought Lataklimp's Teachings on Luminous Imprecation for
                  | 660 gold pieces
 15726 | D:6      | Learned a level 3 spell: Inner Flame
 15732 | D:6      | Learned a level 5 spell: Fireball
 16892 | Lair:3   | Learned a level 2 spell: Blink
 16923 | Lair:3   | Found a staircase to the Shoals.
 17252 | Lair:4   | Reached skill level 10 in Fire Magic
 17352 | Lair:4   | Learned a level 5 spell: Freezing Cloud
 17368 | Lair:4   | Reached skill level 15 in Spellcasting
 17387 | Lair:4   | Reached skill level 1 in Ice Magic
 17394 | Lair:4   | Reached skill level 1 in Air Magic
 17396 | Lair:4   | Found a dark tunnel.
 17405 | Volcano  | Entered a volcano
 17411 | Volcano  | Gained mutation: Your large and strong wings let you fly.
                  | [Gargoyle growth]
 17411 | Volcano  | Reached XP level 14. HP: 44/80 MP: 25/37
 17447 | Volcano  | Found a large runed translucent door.
 17447 | Volcano  | Found a large runed translucent door.
 17447 | Volcano  | Identified the +0 helmet of the Harvest {rF- Int+2 Dex+3}
 17450 | Volcano  | Found a large runed translucent door.
 17452 | Volcano  | Found a large runed translucent door.
 17460 | Volcano  | Found a large runed translucent door.
 17719 | Volcano  | Found a large runed translucent door.
 17731 | Volcano  | Found a large runed translucent door.
 17731 | Volcano  | Found a large runed translucent door.
 17758 | Volcano  | Found a large runed translucent door.
 17758 | Volcano  | Found a large runed translucent door.
 17879 | Volcano  | Found a large runed translucent door.
 17879 | Volcano  | Found a large runed translucent door.
 17985 | Volcano  | Found a large runed translucent door.
 17985 | Volcano  | Found a large runed translucent door.
 18018 | Volcano  | Found a large runed translucent door.
 18019 | Volcano  | Found a large runed translucent door.
 18057 | Volcano  | Noticed a red draconian
 18071 | Volcano  | Killed a red draconian
 18152 | Volcano  | Found a large runed translucent door.
 18152 | Volcano  | Found a large runed translucent door.
 18755 | Lair:4   | Noticed Snorg
 18766 | Lair:4   | Killed Snorg
 19086 | Lair:4   | Found a runed translucent door.
 19926 | Orc:1    | Entered Level 1 of the Orcish Mines
 20584 | D:6      | Bought an amulet of magic regeneration for 360 gold pieces
 20784 | Lair:5   | Entered Level 5 of the Lair of Beasts
 20865 | Lair:5   | Reached XP level 15. HP: 74/83 MP: 7/37
 21429 | Lair:5   | Found a viscous altar of Jiyva.
 21429 | Lair:5   | Found a staircase to the Slime Pits.
 21707 | Lair:5   | Identified the staff "Huxicu" {rF+ Dex+4 Fire}
 21711 | Lair:5   | Reached skill level 1 in Summonings
 22003 | Lair:1   | Learned a level 8 spell: Ignition
 22567 | Orc:1    | Learned a level 7 spell: Spellforged Servitor
 22568 | Orc:2    | Entered Level 2 of the Orcish Mines
 22634 | Orc:2    | Noticed an orc warlord
 22634 | Orc:2    | Noticed an orc warlord
 22640 | Orc:2    | Killed an orc warlord
 22642 | Orc:2    | Killed an orc warlord
 22782 | Orc:2    | Found a staircase to the Elven Halls.
 23026 | Orc:2    | Found Hoemad's Weapon Emporium.
 23195 | Orc:2    | Found a roughly hewn altar of Beogh.
 23203 | Orc:2    | Found a roughly hewn altar of Beogh.
 23235 | Orc:2    | Found a roughly hewn altar of Beogh.
 23244 | Orc:2    | Noticed an orc warlord
 23252 | Orc:2    | Killed an orc warlord
 23333 | Orc:2    | Found a roughly hewn altar of Beogh.
 23363 | Orc:2    | Noticed Rupert
 23369 | Orc:2    | Killed Rupert
 23482 | Orc:2    | Found Wamuum's Antique Armour Shop.
 23518 | Orc:2    | Found Qosum's Antique Weapon Boutique.
 23519 | Orc:2    | Found a roughly hewn altar of Beogh.
 23648 | Orc:2    | Found a roughly hewn altar of Beogh.
 23717 | Orc:2    | Found Piesil's Assorted Antiques.
 23722 | Orc:2    | Bought a dark potion for 23 gold pieces
 23722 | Orc:2    | Bought a scratched iron ring for 130 gold pieces
 23818 | Orc:2    | Found a roughly hewn altar of Beogh.
 23869 | Orc:2    | Reached ****** piety under Ashenzari
 23891 | Orc:2    | Found a roughly hewn altar of Beogh.
 23894 | Orc:2    | Found Yqinn's Book Boutique.
 25026 | D:11     | Learned a level 6 spell: Bombard
 25324 | D:12     | Upgraded the game from 0.32-a0-391-gce5c0aa to
                  | 0.32-a0-441-gaf4921d
 25424 | D:12     | Reached skill level 1 in Earth Magic
 25595 | D:12     | Reached XP level 16. HP: 90/90 MP: 28/41
 25847 | D:12     | Found a shadowy altar of Dithmenos.
 26445 | D:13     | Found a frozen archway.
 26458 | IceCv    | Entered an ice cave
 26942 | IceCv    | Identified the ring of Hoomex {rF+ rN+ Dex+3}
 26944 | IceCv    | Identified Zureonu's Precepts of the Icicle
 27011 | IceCv    | Found an ancient bone altar of Kikubaaqudgha.
 27452 | D:13     | Noticed Nessos
 27454 | D:13     | Killed Nessos
 27638 | D:13     | Reached skill level 5 in Summonings
 28017 | D:14     | Upgraded the game from 0.32-a0-441-gaf4921d to
                  | 0.32-a0-450-g080537f
 28168 | D:14     | Found a gate to the Vaults.
 28440 | D:14     | Noticed a tengu reaver
 28446 | D:14     | Killed a tengu reaver
 28519 | D:14     | Identified the granite talisman "Ijoemeot" {+Blink rN+
                  | Str+2 Slay+3}
 28697 | D:15     | Entered Level 15 of the Dungeon
 29131 | D:15     | Found a staircase to the Depths.
 29757 | D:6      | Bought a manual of Shields for 960 gold pieces
 29933 | Snake:1  | Entered Level 1 of the Snake Pit
 29975 | Snake:1  | Reached skill level 1 in Shields
 29985 | Snake:1  | Reached XP level 17. HP: 96/96 MP: 32/44
 29989 | Snake:1  | Reached skill level 2 in Shields
 30166 | Snake:1  | Reached skill level 3 in Shields
 30319 | Snake:1  | Reached skill level 1 in Hexes
 30423 | Snake:1  | Reached skill level 1 in Necromancy
 30854 | Snake:1  | Reached skill level 4 in Shields
 31044 | Snake:2  | Reached skill level 1 in Translocations
 31211 | Snake:2  | Reached skill level 5 in Shields
 31577 | Snake:2  | Reached skill level 6 in Shields
 32103 | Snake:2  | Found the +3 salamander hide armour {Flames, rFlCloud rF++
                  | rC--}
 32108 | Snake:2  | Reached skill level 7 in Shields
 32336 | Snake:3  | Reached skill level 8 in Shields
 32499 | Snake:3  | Identified the serpent talisman of Words of Power {rElec
                  | Str-3 Int+3 Stlth+}
 32499 | Snake:3  | Noticed Aizul
 32506 | Snake:3  | Killed Aizul
 32593 | Snake:3  | Reached XP level 18. HP: 51/98 MP: 18/44
 32729 | Snake:3  | Reached skill level 9 in Shields
 33379 | Snake:4  | Entered Level 4 of the Snake Pit
 33903 | Snake:4  | Reached skill level 15 in Fire Magic
 33944 | Snake:4  | Noticed Vashnia
 33946 | Snake:4  | Reached skill level 10 in Shields
 33958 | Snake:4  | Killed Vashnia
 34412 | Snake:4  | Found Taguo's Antique Armour Shoppe.
 34466 | Snake:4  | Found a runed translucent door.
 34476 | Snake:4  | Noticed arrowsters's ghost (adept OnMo)
 34510 | Snake:4  | Reached skill level 11 in Shields
 34885 | Snake:4  | Identified the +2 shortbow of Grontol {heavy, rC- Will+++
                  | Int-5 SInv}
 34897 | Snake:4  | Killed arrowsters's ghost
 35034 | Snake:4  | Learned a level 6 spell: Death Channel
 35299 | Snake:4  | Reached skill level 12 in Shields
 35829 | Snake:4  | Reached skill level 13 in Shields
 35841 | Snake:4  | Got a serpentine rune of Zot
 36267 | Shoals:1 | Entered Level 1 of the Shoals
 36425 | D:8      | Bought a manual of Shields for 960 gold pieces
 36599 | Shoals:1 | Noticed Jorgrun
 36608 | Shoals:1 | Killed Jorgrun
 36611 | Shoals:1 | Reached XP level 19. HP: 100/100 MP: 9/45
 36630 | Shoals:1 | Noticed Frances
 36637 | Shoals:1 | Killed Frances
 36655 | Shoals:1 | Reached skill level 14 in Shields
 36659 | Shoals:1 | Noticed Mlioglotl
 36660 | Shoals:1 | Reached skill level 5 in Necromancy
 36665 | Shoals:1 | Killed Mlioglotl
 36934 | Shoals:1 | Found Wizxoll's Jewellery Shop.
 37137 | Shoals:1 | Reached skill level 15 in Shields
 37446 | Shoals:2 | Noticed Donald
 37449 | Shoals:2 | Killed Donald
 37483 | Shoals:2 | Noticed Ilsuiw
 37486 | Shoals:2 | Killed Ilsuiw
 37487 | Shoals:2 | Reached skill level 16 in Shields
 38090 | Shoals:3 | Noticed Nikola
 38091 | Shoals:3 | Identified the dragon-blood talisman of Prudence {rC+ Str+3
                  | Dex-3}
 38091 | Shoals:3 | Noticed Bai Suzhen
 38260 | Shoals:3 | Reached skill level 17 in Shields
 38407 | Shoals:3 | Killed Nikola
 38498 | Shoals:3 | Killed Bai Suzhen
 39108 | Shoals:4 | Entered Level 4 of the Shoals
 39341 | Shoals:4 | Reached skill level 1 in Armour
 39346 | Shoals:4 | Reached XP level 20. HP: 106/106 MP: 18/47
 39355 | Shoals:4 | Got a barnacled rune of Zot
 39369 | Shoals:4 | Reached skill level 18 in Shields
 39387 | Shoals:4 | Found a runed translucent door.
 39387 | Shoals:4 | Noticed december12's ghost (adept BaAr)
 39413 | Shoals:4 | Reached XP level 21. HP: 107/111 MP: 24/48
 39602 | Shoals:4 | Identified the staff "Vistigykesk" {rElec rPois Will- Str+4
                  | Int+3 Air}
 39728 | Shoals:4 | Reached skill level 19 in Shields
 40248 | Elf:1    | Entered Level 1 of the Elven Halls
 40250 | Elf:1    | Paralysed by an air elemental for 1 turns
 40565 | Snake:4  | Bought a runed scarf for 296 gold pieces
 41169 | Elf:1    | Noticed Norris
 41172 | Elf:1    | Reached skill level 1 in Stealth
 41176 | Elf:1    | Killed Norris
 41472 | Elf:1    | Found Wuosyac's Neck Hole.
 41737 | Elf:2    | Paralysed by an air elemental for 1 turns
 41738 | Elf:2    | Noticed Agnes
 41742 | Elf:2    | Killed Agnes
 41917 | Elf:2    | Reached skill level 5 in Fighting
 41926 | Elf:2    | Found Erassiul's Jewellery Shoppe.
 42005 | Elf:2    | Found a runed translucent gate.
 42005 | Elf:2    | Found a runed translucent gate.
 42005 | Elf:2    | Found a runed translucent gate.
 42304 | Elf:3    | Entered Level 3 of the Elven Halls
 42305 | Elf:3    | Noticed Saint Roka
 42318 | Elf:3    | Killed Saint Roka
 42407 | Elf:3    | Found Cifoem's Antique Armour Emporium.
 42580 | Elf:3    | Found Wocoteit's Antique Armour Shoppe.
 42589 | Elf:3    | Found Usenoshi's Magic Scroll Shoppe.
 42590 | Elf:3    | Found Gaid's Armour Shoppe.
 42591 | Elf:3    | Found Etwu's Armour Shoppe.
 43235 | Elf:3    | Identified the +6 great mace "Gymikie" {freeze, Str+4
                  | Dex+2}
 43235 | Elf:3    | Identified the amulet of the King {Reflect Dex+4 SH+5}
 43240 | Elf:3    | Reached XP level 22. HP: 101/124 MP: 41/49
 43266 | Elf:3    | Reached skill level 20 in Shields
 43292 | Elf:3    | Identified the ring "Iryh" {Ice +Blink Will- Int+4}
 43292 | Elf:3    | Identified the +1 halberd "Ocaeg" {speed, *Rage rF+ rC+
                  | Int+8}
 43294 | Elf:3    | Found the +3 giant club "Skullcrusher" {speed, Str+7}
 43296 | Elf:3    | Found the +2 cloak of the Thief {*Fog Slay-2 SInv Stlth+}
 43467 | Elf:3    | Identified the +1 halberd "Killer Bee's Curse" {vamp, rN+
                  | Str+2}
 43583 | Elf:3    | Identified the ring of Altruism {Fly rPois rF+}
 43631 | Elf:3    | Bought a heavily runed helmet for 275 gold pieces
 43631 | Elf:3    | Identified the +0 helmet of Cynicism {rPois MP+9 Dex+2}
                  | (You bought it in a shop on level 3 of the Elven Halls)
 43714 | Elf:1    | Bought a scarf of resistance for 544 gold pieces
 43956 | Slime:1  | Entered Level 1 of the Pits of Slime
 45588 | Slime:3  | Learned a level 5 spell: Yara's Violent Unravelling
 45591 | Slime:4  | Gained mutation: You are clumsy. (Dex -2) [a shining eye]
 45721 | Slime:3  | Gained mutation: You are frail. (-10% HP) [a shining eye]
 46135 | Slime:5  | Entered Level 5 of the Pits of Slime
 46135 | Slime:5  | Identified the +0 chain mail "Anidues" {rN+ Int+2 Dex+3}
 46184 | Slime:5  | Identified the ring "Xelos" {Fire rElec rCorr Str+3}
 46184 | Slime:5  | Identified the +7 sling "Ximne" {drain, rN+ Int+3 Dex+3}
 46184 | Slime:5  | Identified the +4 scale mail of Rotini {+Blink Regen+
                  | Str-3}
 46237 | Slime:5  | Reached skill level 21 in Shields
 46248 | Slime:5  | Found a viscous altar of Jiyva.
 46249 | Slime:5  | Noticed the Royal Jelly
 46254 | Slime:5  | Killed the Royal Jelly
 46255 | Slime:5  | Reached XP level 23. HP: 84/115 MP: 26/51
 46520 | Slime:5  | Identified the ring "Soeplyur" {Wiz Str+3 Dex+2}
 46541 | Slime:5  | Got a slimy rune of Zot
 47157 | Lair:1   | Lost mutation: You are frail. (-10% HP) [potion of
                  | mutation]
 47157 | Lair:1   | Lost mutation: You are weak. (Str -2) [potion of mutation]
 47304 | Vaults:1 | Entered Level 1 of the Vaults
 47358 | Vaults:1 | Found Ahonkol's Antique Armour Shop.
 47431 | Vaults:1 | Bought a pair of polished boots for 313 gold pieces
 47431 | Vaults:1 | Identified the +0 pair of boots "Rorphotuu" {^Drain +Blink
                  | rPois Stlth+} (You bought it in a shop on level 1 of the
                  | Vaults)
 47548 | Vaults:1 | Found Fupresaw's Armour Boutique.
 47837 | Vaults:1 | Identified the +1 leather armour of Moatumi {rC+ Int+3}
 47969 | Vaults:1 | Found Cyto's Antique Weapon Shoppe.
 48069 | Vaults:1 | Found Zykeitog's Book Shop.
 48168 | Vaults:1 | Identified the cursed +0 pair of gloves of the Clairvoyant
                  | Sky {Sorc, Melee} (You found it on level 4 of the Dungeon)
 48168 | Vaults:1 | Identified the cursed +1 pair of boots of the Cryptic Sky
                  | {Melee, Self} (You found it on level 3 of the Lair of
                  | Beasts)
 48941 | Vaults:2 | Upgraded the game from 0.32-a0-450-g080537f to
                  | 0.32-a0-451-g26e3978
 48952 | Vaults:2 | Reached skill level 22 in Shields
 49323 | Vaults:2 | Identified the +2 spear "Soysipn" {freeze, rPois Dex+3}
 49323 | Vaults:2 | Noticed Zenata
 49332 | Vaults:2 | Killed Zenata
 49606 | Vaults:2 | Reached XP level 24. HP: 128/137 MP: 27/53
 49948 | Vaults:2 | Found a staircase to the Crypt.
 50015 | Vaults:2 | Found Uddehupn's Antique Weapon Emporium.
 50268 | Vaults:3 | Found a flickering gateway to a bazaar.
 50277 | Bazaar   | Entered a bazaar
 50277 | Bazaar   | Found Saohajes's General Store.
 50280 | Bazaar   | Found Kerch's Assorted Antiques.
 50307 | Bazaar   | Found Wiatysuc's Magic Scroll Shoppe.
 50338 | Bazaar   | Found Viegas's Armour Emporium.
 50377 | Bazaar   | Bought a scroll of enchant armour for 82 gold pieces
 50377 | Bazaar   | Bought a scroll of butterflies for 44 gold pieces
 50377 | Bazaar   | Bought a scroll of amnesia for 44 gold pieces
 50659 | Vaults:3 | Identified the +3 robe of Winter {rF+ rC+ Will+}
 50659 | Vaults:3 | Noticed Boris
 50668 | Vaults:3 | Killed Boris
 51105 | Vaults:4 | Found a flickering gateway to a bazaar.
 51114 | Bazaar   | Entered a bazaar
 51124 | Bazaar   | Found Migaah's Antique Weapon Boutique.
 51128 | Bazaar   | Found Plog's Book Boutique.
 51128 | Bazaar   | Found Huleg's Magic Scroll Boutique.
 51129 | Bazaar   | Found Visimob's Antique Weapon Boutique.
 51250 | Vaults:4 | Identified a scroll of acquirement
 51259 | Vaults:4 | Acquired 1303 gold pieces
 51276 | Vaults:4 | Reached skill level 23 in Shields
 51322 | Vaults:1 | Bought a book of Annihilations for 720 gold pieces
 51544 | D:8      | Bought a manual of Conjurations for 960 gold pieces
 51554 | D:8      | Learned a level 9 spell: Fire Storm
 52246 | Vaults:5 | Entered Level 5 of the Vaults
 52248 | Vaults:5 | Reached skill level 15 in Conjurations
 52257 | Vaults:5 | Noticed an ancient lich
 52259 | Vaults:5 | Killed an ancient lich
 52302 | Vaults:5 | Reached XP level 25. HP: 90/141 MP: 20/54
 52459 | Vaults:5 | Identified the Tractate on Subzero Angles
 52532 | Vaults:5 | Reached skill level 24 in Shields
 52842 | Vaults:5 | Identified the ring of Ru's Esteem {^Contam rPois rF+ MP+9
                  | Dex+4}
 52842 | Vaults:5 | Noticed Boris
 53302 | Vaults:5 | Killed Boris
 53415 | Vaults:5 | Identified the +7 orcbow "Acasur" {freeze, +Blink rPois
                  | Int+3}
 53597 | Vaults:5 | Identified the +1 cloak of the Past {rC+++ Regen+}
 53890 | Vaults:5 | Identified the +8 quarterstaff of Cacuf {freeze, Int+2}
 53890 | Vaults:5 | Identified the +2 robe of Hubris {rC+}
 53890 | Vaults:5 | Identified the ring "Obbusch" {rC+ MP+9 Int+3}
 54254 | Vaults:5 | Identified the +4 plate armour "Utuened" {rElec rCorr
                  | Int+4}
 54258 | Vaults:5 | Identified the amulet of Aphu {Spirit Str+4 Dex+7}
 54274 | Vaults:5 | Got a silver rune of Zot
 54502 | Vaults:4 | Reached skill level 25 in Shields
 55094 | Vaults:3 | Identified the +11 arbalest of Desertification {freeze, rF+
                  | rC- Str+3}
 55302 | Vaults:3 | Identified the +1 ring mail of the Durable God {Harm rPois
                  | Int-5 Stlth+}
 55868 | Vaults:3 | Found a runed translucent door.
 55868 | Vaults:3 | Identified The Final Excursus on Mysticism
 55868 | Vaults:3 | Identified the amulet "Iwnaus" {Reflect -Tele Harm +Inv
                  | SH+5}
 55868 | Vaults:3 | Noticed Tagg's ghost (veteran DjIE)
 56039 | Crypt:1  | Entered Level 1 of the Crypt
 56211 | Crypt:1  | Noticed Mennas
 56353 | Depths:1 | Entered Level 1 of the Depths
 56605 | Orc:2    | Bought a pair of glowing gloves for 202 gold pieces
 56835 | D:1      | Bought a potion of resistance for 130 gold pieces
 56835 | D:1      | Bought a potion of brilliance for 52 gold pieces
 56835 | D:1      | Bought a scroll of poison for 52 gold pieces
 56985 | D:9      | Bought a potion of brilliance for 52 gold pieces
 57022 | D:6      | Bought a potion of enlightenment for 65 gold pieces
 57022 | D:6      | Bought a potion of cancellation for 104 gold pieces
 57022 | D:6      | Bought a potion of enlightenment for 65 gold pieces
 57022 | D:6      | Bought a potion of heal wounds for 65 gold pieces
 57022 | D:6      | Bought a potion of heal wounds for 65 gold pieces
 57135 | Orc:2    | Bought a scroll of enchant armour for 195 gold pieces
 57135 | Orc:2    | Bought a potion of brilliance for 104 gold pieces
 57135 | Orc:2    | Bought a potion of heal wounds for 130 gold pieces
 57397 | Depths:1 | Learned a level 1 spell: Apportation
 57401 | Depths:1 | Learned a level 3 spell: Passwall
 57698 | Depths:1 | Found a gateway to Hell.
 57702 | Depths:1 | Reached XP level 26. HP: 146/149 MP: 45/53
 57794 | Depths:1 | Reached skill level 5 in Earth Magic
 58191 | Depths:1 | Found a radiant altar of Vehumet.
 58228 | Depths:1 | Found a one-way gateway to a ziggurat.
 58912 | Depths:2 | Found a one-way gate to the infinite horrors of the Abyss.
 59263 | Depths:2 | Found a one-way gate leading to the halls of Pandemonium.
 59365 | Depths:2 | Found a shimmering blue altar of Sif Muna.
 59781 | Depths:3 | Found a stormy altar of Qazlal.
 59989 | Depths:3 | Noticed a dread lich
 59993 | Depths:3 | Killed a dread lich
 60112 | Depths:3 | Reached skill level 10 in Earth Magic
 60837 | Shoals:4 | Killed december12's ghost
 61001 | Lair:1   | Learned a level 8 spell: Lehudib's Crystal Spear
 61278 | Depths:3 | Identified the +3 leather armour of Tomorrow {rElec rPois
                  | rF- rC++}
 61281 | Depths:3 | Identified the +1 sling of Death's Door {antimagic, *Slow
                  | rPois rF- rN+++}
 61421 | Depths:3 | Found a runed translucent door.
 61516 | Depths:3 | Identified the +4 chain mail of Too Many Cooks {rC+ rN+
                  | Will+ Dex-2}
 61818 | Depths:4 | Entered Level 4 of the Depths
 61868 | Depths:4 | Found a corrupted altar of Lugonu.
 61884 | Depths:4 | Reached XP level 27. HP: 153/153 MP: 44/52
 62545 | Depths:4 | Found a gate to the Realm of Zot.
 63203 | Zot:1    | Entered Level 1 of the Realm of Zot
 66165 | Vaults:1 | Bought a pair of embroidered gloves for 247 gold pieces
 66695 | Zot:2    | Found a radiant altar of Vehumet.
 67392 | Zot:3    | Noticed an orb of fire
 67402 | Zot:3    | Gained mutation: Your magical capacity is low. (-10% MP)
                  | [an orb of fire]
 67403 | Zot:3    | Killed an orb of fire
 67824 | Zot:3    | Reached skill level 5 in Stealth
 68505 | Lair:1   | Learned a level 9 spell: Shatter
 69342 | Zot:4    | Identified the +0 pair of boots "Ustilir" {rF- rC++ Regen+
                  | Dex+2}
 69683 | Zot:5    | Entered Level 5 of the Realm of Zot
 69729 | Zot:5    | Found the +4 dragonskin cloak
 69729 | Zot:5    | Noticed Tiamat
 70097 | Zot:5    | Killed Tiamat
 70451 | Zot:5    | Noticed an ancient lich
 70453 | Zot:5    | Killed an ancient lich
 70460 | Zot:5    | Noticed a dread lich
 70462 | Zot:5    | Killed a dread lich
 70463 | Zot:5    | Reached skill level 15 in Earth Magic
 70548 | Zot:4    | Upgraded the game from 0.32-a0-451-g26e3978 to
                  | 0.32-a0-452-g0c113e4
 70664 | Zot:5    | Noticed an ancient lich
 70666 | Zot:5    | Killed an ancient lich
 70750 | Zot:5    | Noticed an orb of fire
 70754 | Zot:5    | Killed an orb of fire
 70765 | Zot:5    | Noticed an orb of fire
 70765 | Zot:5    | Gained mutation: Your spells are a little easier to cast,
                  | but a little less powerful. [an orb of fire]
 70766 | Zot:5    | Gained mutation: You do not regenerate when monsters are
                  | visible. [an orb of fire]
 70768 | Zot:5    | Gained mutation: You occasionally lose the ability to read
                  | scrolls when taking damage. [an orb of fire]
 70769 | Zot:5    | Gained mutation: Your health recovers twice as slowly from
                  | being drained. [an orb of fire]
 70777 | Zot:5    | Gained mutation: Your magical capacity is very low. (-20%
                  | MP) [an orb of fire]
 70780 | Zot:5    | Killed an orb of fire
 70790 | Zot:5    | Lost mutation: Your spells are a little easier to cast, but
                  | a little less powerful. [potion of mutation]
 70790 | Zot:5    | Lost mutation: You do not regenerate when monsters are
                  | visible. [potion of mutation]
 70790 | Zot:5    | Gained mutation: You are strong-willed. (Will+) [potion of
                  | mutation]
 70791 | Zot:5    | Lost mutation: You are strong-willed. (Will+) [potion of
                  | mutation]
 70791 | Zot:5    | Lost mutation: Your health recovers twice as slowly from
                  | being drained. [potion of mutation]
 70791 | Zot:5    | Lost mutation: You occasionally lose the ability to read
                  | scrolls when taking damage. [potion of mutation]
 70791 | Zot:5    | Gained mutation: You sometimes lose your temper in combat.
                  | [potion of mutation]
 70791 | Zot:5    | Lost mutation: Your magical capacity is very low. (-20% MP)
                  | [potion of mutation]
 70909 | Zot:5    | Noticed an orb of fire
 70923 | Zot:5    | Killed an orb of fire
 71438 | Zot:5    | Noticed an ancient lich
 71441 | Zot:5    | Killed an ancient lich
 71518 | Zot:5    | Noticed an orb of fire
 71526 | Zot:5    | Gained mutation: You have hidden genetic defects. [an orb
                  | of fire]
 71531 | Zot:5    | Killed an orb of fire
 71746 | Zot:5    | Lost mutation: You are clumsy. (Dex -2) [potion of
                  | mutation]
 71746 | Zot:5    | Lost mutation: Your magical capacity is low. (-10% MP)
                  | [potion of mutation]
 71746 | Zot:5    | Lost mutation: You have hidden genetic defects. [potion of
                  | mutation]
 71746 | Zot:5    | Gained mutation: You are partially covered in iridescent
                  | scales. (AC +2) [potion of mutation]
 71747 | Zot:5    | Got the Orb of Zot
 71986 | D:15     | Noticed Kuc Ifett the pandemonium lord
 72279 | D:$      | Escaped with the Orb!

Illustrated notes

Levels and vault maps discovered:
D:1:      dpeg_arrival_brainrot, layout_loops_ring,
          chequers_ecumenical_altar_island, serial_shops, nicolae_shop_peninsula
D:2:      layout_loops_ring, serial_forest, infiniplex_forest_end_2,
          infiniplex_forest_straight_5, infiniplex_forest_end_2,
          infiniplex_forest_corner_2, infiniplex_forest_lined_3,
          infiniplex_forest_lined_3, infiniplex_forest_lined_room_2,
          infiniplex_forest_3_way, infiniplex_forest_clump_tiny, minivault_23,
          uniq_crazy_yiuf_cottage, uniq_robin, uniq_sigmund
D:3:      layout_loops_ring, nzn_wu_jian_contemplation,
          makhleb_altar_promises_db, cheibrodos_sewer_entry_bend, uniq_grinder
D:4:      layout_loops_ring, lemuel_mausoleum_altar_kikubaaqudgha
D:5:      layout_gridville, temple_fountains, grunt_decor_mini_mirrors,
          kennysheep_big_empty_room, uniq_eustachio
D:6:      wad_lake_hut, layout_rooms, serial_shops, shop,
          nicolae_shop_tiny_statue_garden, nicolae_shop_just_a_little_nook,
          nicolae_shop_industrial_runoff, hex_tiny
D:7:      layout_gridville, skrybe_limestone_x, uniq_menkaure, uniq_maurice
D:8:      layout_cave_pools, minitemple, nicolae_gozag_zags_fifth_avenue,
          nicolae_shop_self_help
D:9:      layout_loops_ring, orc_0_dummy, gammafunk_ghost_hydra_chop,
          nicolae_specific_store, uniq_pikel, uniq_maggie
D:10:     kennysheep_blocky_room, layout_cave_pods, david_lair_shrubbed,
          enter_bailey_3, uniq_lodul, uniq_sonja
D:11:     layout_stronghold, serial_demonic, serial_demonic_b, serial_demonic_c,
          serial_demonic_f, serial_demonic_a
D:12:     layout_irregular_city, serial_column_ruins, column_ruins_hut,
          column_ruins_columns_straight, column_ruins_corridor_dead_end,
          column_ruins_corridor_straight, column_ruins_open_tiny,
          column_ruins_open_medium, column_ruins_open_medium,
          minmay_crystal_room, minmay_tree_intersection,
          kennysheep_cluttered_room, grunt_dithmenos_smoke
D:13:     layout_roguey, portal_ice_cave_entry_imps,
          hangedman_decor_clover_reticule, uniq_nessos
D:14:     minmay_sliced_demisemicircle, layout_rooms,
          hellmonk_vaults_order_and_chaos
D:15:     grunt_enter_depths_hoard, layout_cave_pools, serial_bayou_shore_b
Temple:   corrupted_temple
Lair:1:   layout_gridlike
Lair:2:   layout_cave_pods, nicolae_snake_entry_squirm, grunt_megastairs_2
Lair:3:   layout_chaotic_city, elwin_shoals_entry_stream
Lair:4:   layout_loops_ring, enter_volcano_2, infiniplex_staircase_pool_2,
          grunt_megastairs_5, lemuel_fruit_fields, serial_bayou_shore_a,
          uniq_snorg
Lair:5:   gammafunk_lair_ancient_temple, layout_cave_shapes,
          minmay_slime_entry_jelly_boxes
Shoals:1: layout_shoals, serial_shops, nicolae_shop_peninsula,
          nicolae_shoals_flooded_hall, uniq_frances, uniq_jorgrun,
          uniq_mlioglotl
Shoals:2: layout_shoals, nicolae_shoals_mertower, uniq_ilsuiw, uniq_donald
Shoals:3: layout_shoals, uniq_nikola, uniq_bai_suzhen
Shoals:4: shoals_end_hangedman, layout_shoals, gammafunk_ghost_grave,
          nicolae_shoals_seven_spires, nicolae_shoals_siren_and_animal_friends
Snake:1:  layout_misc_corridors, st_stairs_1, grunt_ministairs_11
Snake:2:  layout_gridlike, hellmonk_guarded_unrand_salamander
Snake:3:  layout_misc_corridors, nicolae_snake_springs, uniq_aizul
Snake:4:  snake_pit_salamanders_mu, layout_chambers, ebering_ghost_inner_flame,
          serial_shops, shop, uniq_vashnia
Slime:1:  layout_caves, nicolae_slime_getting_an_eyeful
Slime:2:  layout_caves
Slime:3:  layout_caves
Slime:4:  layout_caves, special_room [special_room_jelly]
Slime:5:  slime_pit_nicolae_inversion
Orc:1:    layout_caves
Orc:2:    grunt_orc_community_town_hall, layout_diamond_mine,
          grunt_orc_community_big_house_2, grunt_orc_community_big_house_1,
          grunt_orc_community_house_2, grunt_orc_community_house_1,
          grunt_orc_community_house_3, grunt_orc_community_house_2,
          grunt_orc_community_house_3, serial_shops, shop, basic_altar,
          uniq_rupert
Elf:1:    nicolae_elf_arrival_aired_out, layout_geoelf_octagon,
          minmay_elf_crystal_hexagon, nicolae_shop_sticking_my_neck_out,
          uniq_norris
Elf:2:    elven_hall_of_blades_hangedman_original [nooodl_blade_entry_preview],
          layout_geoelf_diagonals, serial_shops, nicolae_shop_real_fake_doors,
          st_stairs_3, uniq_agnes
Elf:3:    elf_hall_gauntlet_narrow, layout_gridlike, serial_shops,
          nicolae_shop_crystal, st_stairs_6, minmay_shop_grid_forest,
          uniq_saint_roka
Vaults:1: nicolae_vaults_stepped_doors, st_star, v_misc_10,
          ontoclasm_vaults_pinch, nicolae_vaults_closet_pinwheel_4,
          nicolae_vaults_three_branches, layout_vaults_chaotic_city,
          serial_shops, shop, nicolae_shop_overgrown_old_shop, shop, shop
Vaults:2: nicolae_vaults_trapezoid_lopsided_4, grunt_vaults_focal,
          vaults_standard_mumra_enter_the_diamond, v_rooms_4, v_rooms_4,
          vaults_room_door_hall, v_misc_12, nicolae_vaults_loss_of_containment,
          nicolae_vaults_little_squares_4, nicolae_vaults_trapezoid_3,
          minmay_crypt_entry_simple_box, nicolae_vaults_weapon_check,
          vaults_mumra_chevron_long, vaults_mumra_lcd, nicolae_vaults_house_1,
          layout_vaults_omnibox, serial_shops, shop, uniq_zenata
Vaults:3: gammafunk_ghost_grave, nicolae_vaults_yaktaur_gun_rack,
          hangedman_vaults_nodes, nicolae_vaults_layer_cake_slice,
          nicolae_vaults_offset_grid_hallway_4, hangedman_vaults_river_flow,
          st_more_cells, nicolae_vaults_trapezoid_lopsided_4,
          nicolae_vaults_diamond_2, nicolae_vaults_trapezoid_lopsided_3,
          nicolae_vaults_mini_display_case, v_misc_12, layout_vaults_omnigrid,
          serial_shops, bzr_entry_lakeside, uniq_boris
Vaults:4: nicolae_vaults_closet_pinwheel_5, nicolae_vaults_more_shelving_1,
          v_misc_27, nicolae_vaults_house_2, nicolae_vaults_enemy_cabinets,
          nicolae_vaults_two_Ls, ontoclasm_vaults_shuriken,
          nicolae_vaults_tetromino_L_1, vaults_standard_mumra_x,
          nicolae_vaults_tetromino_T_2, grunt_vaults_swirl, vaults_room_fours,
          nicolae_vaults_little_squares_5, ontoclasm_vaults_loading_screen,
          vaults_room_pool, nicolae_vaults_tetromino_T_1,
          layout_vaults_omnicross, serial_shops, bzr_firewalk
Vaults:5
Crypt:1:  layout_gridlike, roderic_lattice_octagonal_star, uniq_mennas
Depths:1: layout_honeycomb, enter_ziggurat_e, basic_altar, grunt_hell_horde,
          hangedman_corner_corridor
Depths:2: minmay_swirls_squares, layout_cave_pools, abyss_entry,
          hangedman_coc_ice_floe, lemuel_blue_sif_altar, rand_demon_pan_entry_5
Depths:3: nicolae_fronds_of_death, layout_cave_pools, grunt_hell_entry_dis_mu,
          grunt_qazlal_clouds, abyss_entry_small_statue_room, minmay_st_funbox
Depths:4: grunt_zot_entry_tricorne, layout_gridville, abyss_entry_flame_altar,
          pf_vacation_house_of_asmodeus, minmay_misc_feat_more_columns,
          minmay_misc_feat_chi
Zot:1:    layout_basic, hangedman_zot_gyre, hangedman_zot_decor_slant,
          st_single_dragon_hoard_1
Zot:2:    layout_onion_interference, regret_index_zotdec_iron_s
Zot:3:    layout_gridlike
Zot:4:    layout_misc_corridors, st_stairs_1, grunt_megastairs_3
Zot:5:    layout_misc_corridors, uniq_tiamat

Skill      XL: |  1  2  3  4  5  6  7  8  9 10 11 12 13 14 15 16 17 18 19 20 21 22 23 24 25 26 27 |
---------------+----------------------------------------------------------------------------------+-----
Spellcasting   | 1 2 3 4 5 6 8 10 12 13 15 16 17 18 20 21 22 23 24 | 24.4
Conjurations   | 1 2 3 4 5 7 8 10 11 12 13 14 16 20 21 23 | 23.3
Fire Magic     | 1 2 3 4 5 7 9 10 11 12 13 14 15 16 17 18 19 20 21 23 | 23.0
Evocations     | 1 2 3 |  3.0
Alchemy        | 1 3 4 |  4.2
Ice Magic      | 1 3 |  3.3
Air Magic      | 1 3 |  3.3
Summonings     | 3 6 |  6.4
Earth Magic    | 1 2 4 10 20 | 20.1
Shields        | 1 8 13 17 18 19 21 22 23 25 | 25.2
Hexes          | 1 |  1.0
Necromancy     | 1 4 6 7 |  7.7
Translocations | 1 |  1.0
Armour         | 1 3 4 |  4.0
Stealth        | 2 5 |  5.0
Fighting       | 6 7 8 |  8.3
Dodging        | 4 |  4.9
Maces & Flails | |  3.0

Action                     |  1- 3 |  4- 6 |  7- 9 | 10-12 | 13-15 | 16-18 | 19-21 | 22-24 | 25-27 || total
---------------------------+-------+-------+-------+-------+-------+-------+-------+-------+-------++-------
  Melee: Mace              |    36 |    16 |    80 |    34 |       |       |       |       |       ||   166
         Staff             |       |       |       |    21 |   134 |    60 |    13 |    28 |    59 ||   315
  Throw: Dart              |     1 |       |       |     7 |     6 |     8 |     2 |     4 |       ||    28
   Cast: Foxfire           |    21 |    53 |   258 |   278 |     4 |       |       |       |       ||   614
         Irradiate         |       |       |       |    31 |    27 |    22 |     7 |     4 |    12 ||   103
         Iskenderun's Batt |       |       |       |    32 |    43 |    45 |    20 |    19 |    25 ||   184
         Starburst         |       |       |       |    21 |    53 |    35 |       |     6 |     8 ||   123
         Fireball          |       |       |       |       |   128 |   149 |   100 |    79 |    20 ||   476
         Freezing Cloud    |       |       |       |       |   114 |    87 |     5 |       |     2 ||   208
         Inner Flame       |       |       |       |       |     1 |       |       |       |       ||     1
         Spellforged Servi |       |       |       |       |     1 |    33 |    20 |    26 |    74 ||   154
         Ignition          |       |       |       |       |     1 |    49 |    84 |   169 |    67 ||   370
         Bombard           |       |       |       |       |       |     9 |    14 |    27 |    27 ||    77
         Death Channel     |       |       |       |       |       |     1 |    19 |    29 |    22 ||    71
         Blink             |       |       |       |       |       |       |     2 |     1 |     5 ||     8
         Fire Storm        |       |       |       |       |       |       |       |     2 |   312 ||   314
         Lehudib's Crystal |       |       |       |       |       |       |       |       |    47 ||    47
         Passwall          |       |       |       |       |       |       |       |       |     4 ||     4
         Shatter           |       |       |       |       |       |       |       |       |     7 ||     7
         Yara's Violent Un |       |       |       |       |       |       |       |       |     5 ||     5
 Invoke: Curse Item        |     2 |     2 |     4 |     3 |     4 |     3 |     1 |     2 |     8 ||    29
         Shatter the Chain |       |       |       |     3 |     3 |     3 |       |     2 |     8 ||    19
  Evoke: Wand              |       |     7 |    12 |    30 |    33 |    15 |     8 |     4 |    38 ||   147
         Tin of tremorston |       |       |       |       |       |     5 |       |       |     3 ||     8
         Phial of floods   |       |       |       |       |       |     3 |     1 |     1 |     1 ||     6
         Sack of spiders   |       |       |       |       |       |       |       |     3 |     4 ||     7
         Lightning rod     |       |       |       |       |       |       |       |       |     7 ||     7
    Use: Potion            |     1 |     1 |       |     2 |    10 |     7 |     7 |     6 |     8 ||    42
         Scroll            |       |     2 |       |     2 |     3 |     1 |     1 |     3 |    16 ||    28
   Stab: Distracted        |       |       |       |       |     1 |       |       |     1 |     1 ||     3
 Armour: Robe              |    37 |    33 |   128 |   155 |   233 |   158 |       |       |   239 ||   983
         Leather armour    |       |       |       |       |       |   117 |   108 |   121 |    26 ||   372
         Skin              |       |       |       |       |       |       |       |     6 |       ||     6
  Dodge: Dodged            |    26 |    32 |    98 |   143 |   194 |   155 |    46 |    58 |    78 ||   830
  Block: Kite shield       |       |       |       |       |       |       |    85 |   122 |   134 ||   341
         Tower shield      |       |       |       |       |       |       |       |       |   119 ||   119
         Reflection        |       |       |       |       |       |       |       |       |     3 ||     3

Table legend: (Time is in decaauts)
 A = Elapsed time spent in this place.
 B = Non-inter-level travel time spent in this place.
 C = Inter-level travel time spent in this place.
 D = Time resting spent in this place.
 E = Time spent auto-exploring this place.
 F = Levels seen in this place.
 G = Mean time per level.
                   A        B        C        D        E       F      G
               +--------+--------+--------+--------+--------+-----+--------+
         Total |  72734 |  59792 |  12942 |    585 |  43555 |  60 | 1212.2 |
       Dungeon |  20136 |  14582 |   5554 |      7 |  11452 |  15 | 1342.4 |
        Temple |      1 |      1 |      0 |      0 |      0 |   1 |    1.0 |
          Lair |   9021 |   7347 |   1674 |      8 |   5999 |   5 | 1804.2 |
        Shoals |   3700 |   3298 |    402 |      6 |   1992 |   4 |  925.0 |
     Snake Pit |   6311 |   5650 |    661 |    117 |   3996 |   4 | 1577.8 |
    Slime Pits |   3092 |   2720 |    372 |     71 |   1606 |   5 |  618.4 |
  Orcish Mines |   2597 |   2049 |    548 |     27 |   1623 |   2 | 1298.5 |
   Elven Halls |   2921 |   2644 |    277 |      0 |   1748 |   3 |  973.7 |
        Vaults |   8680 |   7644 |   1036 |     73 |   5199 |   5 | 1736.0 |
         Crypt |     66 |     58 |      8 |      0 |     25 |   1 |   66.0 |
        Depths |   5899 |   4470 |   1429 |     27 |   3417 |   4 | 1474.8 |
           Zot |   7176 |   6199 |    977 |    152 |   4658 |   5 | 1435.2 |
        Bazaar |    147 |    147 |      0 |      0 |     74 |   2 |   73.5 |
         Sewer |    963 |    963 |      0 |      0 |    743 |   1 |  963.0 |
        Bailey |    325 |    325 |      0 |     50 |    111 |   1 |  325.0 |
      Ice Cave |    654 |    654 |      0 |     36 |    263 |   1 |  654.0 |
       Volcano |   1036 |   1036 |      0 |     11 |    648 |   1 | 1036.0 |
               +--------+--------+--------+--------+--------+-----+--------+

Top non-repeatable levels by time:
    D:10: 2596 daAuts
 Snake:4: 2556 daAuts
  Lair:1: 2366 daAuts
  Lair:2: 2330 daAuts
Vaults:5: 1956 daAuts
     D:9: 1954 daAuts
Vaults:1: 1912 daAuts
  Lair:3: 1836 daAuts
 Snake:2: 1829 daAuts
   Zot:5: 1734 daAuts
   Zot:1: 1694 daAuts
Vaults:2: 1667 daAuts
Depths:1: 1667 daAuts
Depths:2: 1667 daAuts
    D:14: 1641 daAuts
